 Seeded DCSS version 0.30.0-30-g96aa6591b8 (webtiles) character file.

Game seed: 6471004489312185528 (custom seed)

67026 CInkIbrahim the Fighter (level 15, -3/91 HPs)
             Began as a Vine Stalker Gladiator on July 1, 2023.
             Was a Believer of Ashenzari.
             Slain by a cyan ugly thing (13 damage)
             ... on level 13 of the Dungeon.
             The game lasted 00:49:59 (17348 turns).

CInkIbrahim the Fighter (Vine Stalker Gladiator)   Turns: 17348, Time: 00:49:59

Health: -3/91      AC: 10    Str: 17    XL:     15   Next: 21%
Magic:  0/25       EV: 43    Int:  8    God:    Ashenzari [**....]
Gold:   1511       SH:  0    Dex: 23    Spells: 14/14 levels left

rFire   . . .        a - +10 zealot's sword {holy, Zealotry, *Rage rN+ EV+3, Melee, Cun} (curse)
rCold   . . .        (no shield)
rNeg    + + .        n - +0 robe "Gownauz" {rN+ Slay+3}
rPois   .            c - +0 helmet of Ashenzari's Seeker {Fort, Evo} (curse)
rElec   .            B - +0 cloak
rCorr   .            F - +0 pair of gloves of Ashenzari's Stoicism {Self, Bglg} (curse)
SInv    +            O - +0 pair of boots "Bound Loss" {Cun, Evo} (curse)
Will    +....        X - amulet of the acrobat
Stlth   +++          i - +4 ring of protection
HPRegen 1.15/turn    u - ring of magical power
MPRegen 0.19/turn

%: random rage (20%), acrobat, guardian spirit
@: mighty, on berserk cooldown, acrobatic, slowed, studying 2 skills, very slow
A: fangs 3, regeneration 1, magic shield, antimagic bite, no potion heal 2,
sense surroundings 1
a: Renounce Religion, Curse Item, Shatter the Chains


You were on level 13 of the Dungeon.
You worshipped Ashenzari.
Ashenzari was pleased with you.
You visited 4 branches of the dungeon, and saw 21 of its levels.

You collected 2160 gold pieces.
You spent 649 gold pieces at shops.

Inventory:

Hand Weapons
 a - the cursed +10 zealot's sword (weapon) {holy, Zealotry, *Rage rN+ EV+3, Melee, Cun}
   (You found it on level 3 of the Dungeon)

   Zealotry:  Whenever the wielder enters a berserk rage, their allies are
   berserked alongside them.
   EV:        It affects your evasion (+3).
   rN:        It protects you from negative energy.
   *Rage:     It berserks you when you make melee attacks (+20% chance).
   It has a curse which improves the following skills: Melee Combat: Short
   Blades, Long Blades, Axes, Maces & Flails, Polearms, Staves and Unarmed
   Combat.
   Cunning:   Dodging and Stealth.
Missiles
 d - 5 throwing nets (quivered)
 h - 13 curare-tipped darts
 E - 45 poisoned darts
Armour
 c - the cursed +0 helmet of Ashenzari's Seeker (worn) {Fort, Evo}

   It has a curse which improves the following skills: Fortitude: Armour and
   Shields.
   Evocations: Evocations.
 n - the +0 robe "Gownauz" (worn) {rN+ Slay+3}
   (You found it on level 2 of the Dungeon)

   Slay:      It affects your accuracy & damage with ranged weapons and melee
   (+3).
   rN:        It protects you from negative energy.
 q - a +0 chain mail of fire resistance
 B - a +0 cloak (worn)
 F - the cursed +0 pair of gloves of Ashenzari's Stoicism (worn) {Self, Bglg}
   (You found it on level 6 of the Dungeon)

   It has a curse which improves the following skills: Introspection: Fighting
   and Spellcasting.
   Beguiling: Conjurations, Hexes and Translocations.
 I - a +2 hat of willpower
 K - a +1 robe of cold resistance
 N - a +0 kite shield
 O - the cursed +0 pair of boots "Bound Loss" (worn) {Cun, Evo}
   (You found it on level 10 of the Dungeon)

   It has a curse which improves the following skills: Cunning: Dodging and
   Stealth.
   Evocations: Evocations.
 Z - a +0 helmet
Jewellery
 i - a +4 ring of protection (left hand)
 l - a ring of positive energy
 u - a ring of magical power (right hand)
 x - a ring of protection from fire
 X - an amulet of the acrobat (around neck)
 Y - a ring of protection from fire
Wands
 b - a wand of digging (5)
 m - a wand of roots (9)
 J - a wand of paralysis (4)
 M - a wand of quicksilver (14)
 P - a wand of flame (27)
Scrolls
 f - 3 scrolls of vulnerability
 k - 2 scrolls of noise
 o - 4 scrolls of immolation
 p - a scroll of enchant armour
 s - 3 scrolls of amnesia
 t - 2 scrolls of poison
 v - 11 scrolls of teleportation
 y - 5 scrolls of fog
 z - a scroll of blinking
 A - 3 scrolls of magic mapping
 H - a scroll of enchant weapon
 L - 2 scrolls of brand weapon
 Q - 2 scrolls of silence
 T - 4 scrolls of fear
Potions
 g - 6 potions of curing
 j - a potion of might
 r - 3 potions of flight
 w - 3 potions of magic
 C - a potion of cancellation
 D - 4 potions of brilliance
 G - 2 potions of resistance
 R - 3 potions of mutation
 S - 2 potions of attraction
 U - a potion of haste
 V - a potion of lignification
Miscellaneous
 e - a lightning rod (4/4)
 W - a tin of tremorstones (2/2)


   Skills:
 + Level 14.8(15.9) Fighting
 - Level 12.0(13.0) Long Blades
 - Level 1.7 Throwing
 - Level 0.7(1.3) Armour
 + Level 13.8(15.4) Dodging
 - Level 1.8(3.1) Stealth
 + Level 5.3(6.4) Shields
 - Level 2.0 Earth Magic
 - Level 0.8(1.7) Evocations


You had 14 spell levels left.
You didn't know any spells.
Your spell library contained the following spells:

 Spells                   Type           Power      Damage    Failure   Level
 Slow                     Hex            0%         N/A       38%         1
 Ensorcelled Hibernation  Hex/Ice        0%         N/A       54%         2
 Scorch                   Fire           0%         2d5       54%         2
 Confusing Touch          Hex            0%         N/A       77%         3
 Spider Form              Tmut/Pois      0%         N/A       78%         3
 Vampiric Draining        Necr           0%         2d6       78%         3
 Anguish                  Hex/Necr       0%         N/A       99%         4
 Flame Wave               Conj/Fire      0%         2d4       99%         4
 Olgreb's Toxic Radiance  Pois           0%         N/A       99%         4
 Summon Forest            Summ/Tloc      0%         N/A       100%        5
 Summon Mana Viper        Hex/Summ       0%         N/A       100%        5
 Summon Cactus Giant      Summ           0%         N/A       100%        6
 Discord                  Hex            0%         N/A       100%        8
 Ignition                 Fire           0%         3d3       100%        8


Dungeon Overview and Level Annotations

Branches:
Dungeon (13/15)            Temple (1/1) D:7            Lair (5/5) D:11
 Shoals (0/4) Lair:2        Snake (0/4) Lair:3        Slime (0/5) Lair:4
    Orc (2/2) D:10            Elf (0/3) Orc:2        Vaults (0/5) D:13

Altars:
Ashenzari
Cheibriados
Dithmenos
Elyvilon
Fedhas
Gozag
Hepliaklqana
Kikubaaqudgha
Makhleb
Nemelex Xobeh
Okawaru
Qazlal
Ru
Sif Muna
Trog
Uskayaw
Vehumet
Wu Jian
Xom
Yredelemnul
Zin
The Shining One

Shops:
D:1 ?   D:3 (   D:4 ?   D:5 *   Orc:2 *([

Portals:
Trove: D:11 (give +4 ice dragon scales)

Annotations:
Lair:3 exclusion: oklob plant
Lair:5 3 runed translucent doors, monsoonserge's ghost, journeyman MeGl


Innate Abilities, Weirdness & Mutations

You have razor-sharp teeth.
Your natural rate of healing is unusually fast.
When hurt, damage is shared between your health and your magic reserves.
Your bite disrupts and absorbs the magic of your enemies.
Potions cannot restore your health.
You passively map a small area around you.


Message History

The gargoyle is heavily damaged.
You are engulfed in calcifying dust.
You are slowing down.
The gargoyle hits you with a +0 mace.
Unknown command.
You slice the gargoyle!!
You destroy the gargoyle!
Your limbs are stiffening.
You slice the vault guard!!
You kill the vault guard!
The cyan ugly thing pecks you but does no damage.
You have turned to stone.
The cyan ugly thing pecks you! The cyan ugly thing shocks you!
The cyan ugly thing pecks you! The cyan ugly thing shocks you!
The vault guard hits you from afar with a +0 bardiche.
The cyan ugly thing pecks you. The cyan ugly thing shocks you!
The vault guard hits you from afar with a +0 bardiche!
The cyan ugly thing pecks you. The cyan ugly thing shocks you!
The vault guard looks more healthy.
The vault guard hits you from afar with a +0 bardiche!!
The cyan ugly thing pecks you. The cyan ugly thing shocks you!
The vault guard barely misses you.
The cyan ugly thing pecks you but does no damage.
The vault guard hits you from afar with a +0 bardiche!
* * * LOW HITPOINT WARNING * * *
The cyan ugly thing pecks you but does no damage.
You turn to flesh and can move again.
Okay, then.
The cyan ugly thing attacks as you move away!
The cyan ugly thing misses you.
The cyan ugly thing completely misses you.
The cyan ugly thing closely misses you.
The cyan ugly thing attacks as you move away!
The cyan ugly thing misses you. The cyan ugly thing pecks you.
The cyan ugly thing shocks you!
* * * LOW HITPOINT WARNING * * *
The cyan ugly thing looks more healthy.
The cyan ugly thing pecks you!
* * * LOW HITPOINT WARNING * * *
The cyan ugly thing shocks you!
You die...

...,.* ##.....#
*
#...#.##.....#**
* ......#.....#
..∩.)D).....# ,
......#T....#
#...# ##.W..# *
* , *).. ##Tp.#
,* * ##+# *
##u## * ##...#
##@# ,
*#.....#*##..#
.......##...# ,
............# ,
* #.......### ,
#####..## ###,,,
#.## #.+ , #.##
#.# ,
#..#########.# ,


You could see a vault guard, a cyan ugly thing, 2 trolls and a wraith.

Vanquished Creatures
  Gastronok (D:12)
  2 orc warlords
  3 vault guards (D:13)
  3 hydras
  4 catoblepae
  Fannar (D:12)
  2 two-headed ogres
  3 boulder beetles
  9 death yaks (Lair:5)
  Urug (Lair:1)
  Sonja (Lair:3)
  An orc high priest (Orc:2)
  Nergalle (Orc:2)
  Amaemon (Lair:3)
  5 orc knights
  A deep elf pyromancer (D:12)
  2 orc sorcerers (Orc:2)
  3 manticores
  A merfolk siren (Lair:2)
  Maurice (D:12)
  18 elephants
  2 gargoyles
  A black mamba (Lair:3)
  An orange demon (Lair:3)
  6 cane toads
  5 kobold demonologists
  14 komodo dragons
  A merfolk (Lair:2)
  5 polar bears
  7 trolls
  2 hornets
  16 blink frogs
  A dream sheep (Lair:2)
  8 slime creatures
  A spriggan (Lair:2)
  A shadow (D:12)
  52 yaks
  A vampire (D:12)
  5 wyverns
  A basilisk (shapeshifter) (D:13)
  5 basilisks
  2 wraiths
  4 wargs
  A two-headed ogre zombie (D:10)
  6 water moccasins
  An ice beast (D:6)
  37 orc warriors
  A sky beast (D:6)
  5 wolves
  4 ogres
  4 black bears
  8 centaurs
  2 phantoms (D:10)
  11 kobold brigands
  3 gnoll sergeants
  4 scorpions
  6 bullfrogs
  A water moccasin zombie (D:4)
  3 troll zombies (D:10)
  3 electric eels
  5 howler monkeys
  A lava snake (D:7)
  3 hounds
  13 orc priests
  Jessica (D:2)
  A gnoll bouda (Orc:1)
  17 iguanas
  Natasha (thrice) (D:2)
  21 orc wizards
  4 ogre zombies (D:10)
  2 hound zombies (D:4)
  24 gnolls
  7 adders
  3 ufetubi
  An adder zombie (D:4)
  2 worms
  A dart slug (D:1)
  70 orcs
  4 ball pythons
  6 bats
  9 endoplasms
  3 giant cockroaches
  9 hobgoblins
  6 jackals (D:3)
  3 quokkas
  24 frilled lizards
  9 goblins
  4 goblin zombies (D:10)
  A hobgoblin skeleton (D:10)
  2 hobgoblin zombies (D:10)
  22 kobolds
  4 orc skeletons (D:10)
  14 orc zombies (D:10)
  8 rats
612 creatures vanquished.

Notes
Turn   | Place    | Note
-------+----------+-------------------------------------------
     0 | D:1      | CInkIbrahim the Vine Stalker Gladiator began the quest for
                  | the Orb.
     0 | D:1      | Reached XP level 1. HP: 11/11 MP: 2/2
   140 | D:1      | Reached XP level 2. HP: 15/15 MP: 3/3
   444 | D:1      | Reached XP level 3. HP: 18/18 MP: 2/4
   578 | D:1      | Found Jiwkit's Magic Scroll Shop.
  1025 | D:2      | Noticed Natasha
  1040 | D:2      | Killed Natasha
  1041 | D:2      | Gained mutation: Your natural rate of healing is unusually
                  | fast. [Vine Stalker growth]
  1041 | D:2      | Reached XP level 4. HP: 10/23 MP: 2/5
  1079 | D:2      | Noticed Natasha
  1123 | D:2      | Killed Natasha
  1153 | D:2      | Identified the +0 robe "Gownauz" {rN+ Slay+3}
  1190 | D:2      | Noticed Natasha
  1203 | D:2      | Killed Natasha
  1204 | D:2      | Reached skill level 5 in Long Blades
  1204 | D:2      | Reached XP level 5. HP: 19/26 MP: 3/6
  1256 | D:2      | Noticed Jessica
  1263 | D:2      | Killed Jessica
  1490 | D:2      | Found a faded altar of an unknown god.
  1490 | D:2      | Noticed a Tzitzimitl
  1999 | D:3      | Gained mutation: Your magical capacity is low. (-10% MP)
                  | [potion of mutation]
  2000 | D:3      | Lost mutation: Your magical capacity is low. (-10% MP)
                  | [potion of mutation]
  2000 | D:3      | Gained mutation: You passively map a small area around you.
                  | [potion of mutation]
  2424 | D:3      | Found the +10 zealot's sword {holy, Zealotry, *Rage rN+
                  | EV+3}
  2465 | D:3      | Found Bicoivyb's Weapon Shop.
  2662 | D:4      | Found Togeor's Magic Scroll Boutique.
  2665 | D:4      | Bought a scroll of noise for 11 gold pieces
  2665 | D:4      | Bought a scroll of poison for 44 gold pieces
  2665 | D:4      | Bought a scroll of identify for 22 gold pieces
  2665 | D:4      | Bought a scroll of teleportation for 33 gold pieces
  2665 | D:4      | Bought a scroll of identify for 22 gold pieces
  2816 | D:4      | Reached XP level 6. HP: 30/30 MP: 7/7
  3122 | D:4      | Noticed a black bear
  3126 | D:4      | Killed a black bear
  3241 | D:4      | Found a basalt altar of Yredelemnul.
  3499 | D:5      | Entered Level 5 of the Dungeon
  3502 | D:5      | Reached XP level 7. HP: 34/34 MP: 8/8
  3809 | D:5      | Found Puemijou's Assorted Antiques.
  3818 | D:5      | Bought a brown potion for 20 gold pieces
  4325 | D:6      | Gained mutation: You have razor-sharp teeth. [Vine Stalker
                  | growth]
  4325 | D:6      | Reached XP level 8. HP: 29/38 MP: 9/9
  4686 | D:6      | Noticed a boulder beetle
  4694 | D:6      | Killed a boulder beetle
  4695 | D:6      | Reached skill level 10 in Long Blades
  4695 | D:6      | Reached XP level 9. HP: 42/42 MP: 10/10
  4818 | D:6      | Identified the +2 whip of Pinis {flame, Dex+4}
  5010 | D:4      | Bought a scroll of identify for 22 gold pieces
  5010 | D:4      | Bought a scroll of enchant weapon for 82 gold pieces
  5010 | D:4      | Bought a scroll of identify for 22 gold pieces
  5223 | D:7      | Found a staircase to the Ecumenical Temple.
  5240 | Temple   | Entered the Ecumenical Temple
  5545 | Temple   | Became a worshipper of Ashenzari the Shackled
  5921 | D:8      | Identified the +1 robe "Pimuh" {-Cast +Blink Dex+2}
  5996 | D:8      | Reached skill level 2 in Fighting
  6301 | D:8      | Found a burning altar of Makhleb.
  6331 | D:8      | Found a glowing silver altar of Zin.
  6332 | D:8      | Found a stormy altar of Qazlal.
  6332 | D:8      | Found a shimmering blue altar of Sif Muna.
  6579 | D:9      | Noticed a troll
  6584 | D:9      | Killed a troll
  6585 | D:9      | Reached skill level 3 in Fighting
  6663 | D:9      | Reached XP level 10. HP: 49/49 MP: 11/11
  6671 | D:9      | Reached skill level 4 in Fighting
  6864 | D:9      | Reached skill level 5 in Fighting
  6864 | D:9      | Reached skill level 5 in Dodging
  7039 | D:9      | Found an iron altar of Okawaru.
  7371 | D:10     | Entered Level 10 of the Dungeon
  7409 | D:10     | Noticed a kobold demonologist
  7428 | D:10     | Killed a kobold demonologist
  7429 | D:10     | Reached skill level 6 in Fighting
  7482 | D:10     | Found a staircase to the Orcish Mines.
  7491 | D:10     | Noticed a two-headed ogre
  7513 | D:10     | Killed a two-headed ogre
  7514 | D:10     | Reached skill level 7 in Fighting
  7514 | D:10     | Reached XP level 11. HP: 58/58 MP: 12/12
  8227 | D:11     | Found a portal to a secret trove of treasure.
  8237 | D:11     | Noticed a manticore
  8253 | D:11     | Killed a manticore
  8298 | D:11     | Noticed a sixfirhy
  8305 | D:11     | Reached skill level 8 in Fighting
  8400 | D:11     | Found a staircase to the Lair.
  9110 | Lair:1   | Entered Level 1 of the Lair of Beasts
  9272 | Lair:1   | Reached skill level 1 in Earth Magic
  9273 | Lair:1   | Reached skill level 1 in Stealth
  9281 | Lair:1   | Reached skill level 9 in Fighting
  9501 | Lair:1   | Noticed Urug
  9509 | Lair:1   | Killed Urug
 10011 | Lair:2   | Reached XP level 12. HP: 66/66 MP: 13/13
 10082 | Lair:2   | Reached * piety under Ashenzari
 10236 | Lair:2   | Found a staircase to the Shoals.
 10360 | Lair:2   | Noticed an eight-headed hydra
 10365 | Lair:2   | Killed an 11-headed hydra
 10369 | Lair:2   | Reached skill level 10 in Fighting
 11017 | Lair:3   | Noticed Sonja
 11098 | Lair:3   | Killed Sonja
 11099 | Lair:3   | Reached skill level 10 in Dodging
 11134 | Lair:3   | Reached ** piety under Ashenzari
 11153 | Lair:3   | Noticed Amaemon
 11164 | Lair:3   | Killed Amaemon
 11216 | Lair:3   | Identified the +4 scale mail "Momiux" {Harm Int+3}
 11300 | Lair:3   | Reached skill level 11 in Fighting
 11353 | Lair:3   | Reached XP level 13. HP: 66/76 MP: 14/14
 11829 | Lair:3   | Found a staircase to the Snake Pit.
 11890 | Lair:4   | Reached skill level 12 in Fighting
 12013 | Lair:4   | Found a staircase to the Slime Pits.
 12376 | Lair:5   | Entered Level 5 of the Lair of Beasts
 12848 | Lair:5   | Reached skill level 13 in Fighting
 12969 | Lair:5   | Found a runed translucent gate.
 12969 | Lair:5   | Found a runed translucent gate.
 12969 | Lair:5   | Found a runed translucent gate.
 12969 | Lair:5   | Noticed monsoonserge's ghost (journeyman MeGl)
 12986 | Lair:5   | Reached XP level 14. HP: 70/84 MP: 15/15
 13197 | Lair:5   | Paralysed by a hornet for 1 turns
 14009 | Orc:1    | Entered Level 1 of the Orcish Mines
 14024 | Orc:1    | Reached skill level 1 in Shields
 14036 | Orc:1    | Reached skill level 14 in Fighting
 14075 | Orc:1    | Identified the cursed +0 helmet of Ashenzari's Seeker
                  | {Fort, Evo}
 14075 | Orc:1    | Identified the cursed +0 pair of gloves of Ashenzari's
                  | Stoicism {Self, Bglg} (You found it on level 6 of the
                  | Dungeon)
 14648 | Orc:2    | Entered Level 2 of the Orcish Mines
 14737 | Orc:2    | Noticed an orc warlord
 14745 | Orc:2    | Found a staircase to the Elven Halls.
 14911 | Orc:2    | Killed an orc warlord
 15000 | Orc:2    | Noticed an orc warlord
 15001 | Orc:2    | Noticed Nergalle
 15193 | Orc:1    | Killed an orc warlord
 15524 | Orc:2    | Killed Nergalle
 15629 | Orc:2    | Found Toenwe's Jewellery Shop.
 15923 | Orc:2    | Found Hoedaxzu's Antique Weapon Shop.
 16013 | Orc:2    | Found Aqaq's Antique Armour Shop.
 16170 | Orc:2    | Found Ozabbuff's General Store.
 16176 | Orc:2    | Bought a scroll of fog for 44 gold pieces
 16176 | Orc:2    | Bought 3 scrolls of fear for 132 gold pieces
 16254 | Orc:2    | Bought a glowing chain mail for 195 gold pieces
 16528 | D:12     | Noticed Gastronok
 16539 | D:12     | Killed Gastronok
 16540 | D:12     | Reached XP level 15. HP: 67/90 MP: 16/16
 16546 | D:12     | Noticed Maurice
 16563 | D:12     | Killed Maurice
 16631 | D:12     | Noticed Fannar
 16650 | D:12     | Killed Fannar
 17309 | D:13     | Found a gate to the Vaults.
 17319 | D:13     | Reached skill level 5 in Shields
 17348 | D:13     | Slain by a cyan ugly thing

Illustrated notes

Levels and vault maps discovered:
D:1:      doesnt_arrival_eight_statues, layout_basic, serial_shops, shop,
          corexii_corridor_pit, minmay_tromino_i2
D:2:      layout_loops_ring, dreamdust_ecumenical_altar_sealed_demon,
          minivault_4, uniq_natasha, uniq_jessica
D:3:      layout_basic, serial_shops, shop
D:4:      layout_basic, nicolae_yredelemnul_corpse_copse, serial_shops,
          nicolae_stop_n_shop_1, interstate_on_off
D:5:      layout_gridville, serial_shops, shop
D:6:      layout_basic
D:7:      layout_rooms, minmay_temple_entry_gardened_gates,
          kennysheep_small_spiral
D:8:      layout_basic, minitemple
D:9:      layout_loops_ring, okawaru_altar_gauntlet_db, nicolae_titane
D:10:     layout_roguey, zombieorc2_lemuel
D:11:     layout_irregular_city, david_lair_generic,
          nicolae_trove_entry_crossroad
D:12:     layout_loops_ring, uniq_maurice, uniq_gastronok, uniq_fannar
D:13:     minmay_the_grid_triangle_9x9_line_8_mashed
          [minmay_the_grid_triangle_9x9_checkered,
          minmay_the_grid_triangle_9x9_pentomino_pain,
          minmay_the_grid_triangle_9x9_negative_grid,
          minmay_the_grid_triangle_9x9_odd_lines,
          minmay_the_grid_triangle_9x9_steps,
          minmay_the_grid_triangle_9x9_corruption,
          minmay_the_grid_triangle_9x9_limited_checkers,
          minmay_the_grid_triangle_9x9_prize_top_heavy], layout_basic,
          lightli_vaults_fourway_checkpoint, onia_ninara_dug_in_and_dangerous
Temple:   minmay_temple_bridge_d
Lair:1:   layout_cave_pods, uniq_urug
Lair:2:   lemuel_reptile_caves, layout_concentric_octagons,
          elwin_shoals_entry_rooms, grunt_forest_large_clearing_hut,
          serial_bayou_shore_b
Lair:3:   layout_concentric_octagons, dummy_snake_entry,
          minmay_lair_oklob_items, chequers_serial_rivers_small_3,
          gammafunk_lair_bear_cave, uniq_amaemon, uniq_sonja
Lair:4:   layout_misc_corridors, minmay_slime_entry_pillars
Lair:5:   evilmike_catoblepas_cave, layout_regular_city,
          gammafunk_ghost_necromancy, pdpol_lair_cavern_descent
Orc:1:    layout_caves
Orc:2:    grunt_orc_cross, layout_caves

Skill      XL: |  1  2  3  4  5  6  7  8  9 10 11 12 13 14 15 |
---------------+----------------------------------------------+-----
Long Blades    | 3 4 5 7 8 10 12 | 12.0
Fighting       | 3 7 9 11 13 14 | 14.8
Dodging        | 3 6 8 10 12 13 | 13.8
Earth Magic    | 2 |  2.0
Stealth        | 1 |  1.8
Shields        | 4 5 |  5.3
Throwing       | |  1.7
Armour         | |  0.7
Evocations     | |  0.8

Action                     |  1- 3 |  4- 6 |  7- 9 | 10-12 | 13-15 || total
---------------------------+-------+-------+-------+-------+-------++-------
  Melee: Long sword        |    86 |    79 |       |       |       ||   165
         Bite              |    17 |    21 |    30 |   132 |   227 ||   427
         Punch             |     1 |     2 |     2 |     4 |    19 ||    28
         Eudemon blade     |       |    26 |   121 |   435 |   637 ||  1219
 Invoke: Curse Item        |       |       |       |     3 |     1 ||     4
  Evoke: Wand              |       |       |       |       |     2 ||     2
    Use: Scroll            |     4 |     7 |     7 |     1 |     9 ||    28
         Potion            |       |     2 |     1 |     4 |     7 ||    14
   Stab: Sleeping          |     3 |     7 |     3 |     3 |     4 ||    20
         Invisible         |       |       |     3 |       |       ||     3
         Petrifying        |       |       |       |       |     1 ||     1
 Armour: Leather armour    |    27 |    24 |       |       |       ||    51
         Robe              |       |    11 |    34 |    58 |    59 ||   162
         Skin              |       |       |       |     8 |    19 ||    27
  Dodge: Dodged            |    67 |    71 |    92 |   335 |   506 ||  1071
